 Dungeon Crawl Stone Soup version 0.30.1-11-g7821555f0a (webtiles) character file.

Game seed: 5536740699554074623

28 KittyFluff the Trooper (level 3, -9/23 HPs)
             Began as a Gargoyle Berserker on Oct 28, 2023.
             Was a Believer of Trog.
             Killed by divine providence
             ... invoked by an orc priest
              (17 damage)
             ... on level 3 of the Dungeon.
             The game lasted 00:07:00 (1721 turns).

KittyFluff the Trooper (Gargoyle Berserker)         Turns: 1721, Time: 00:07:01

Health: -9/23      AC:  6    Str: 22    XL:     3   Next: 12%
Magic:  3/3        EV: 16    Int:  7    God:    Trog [**....]
Gold:   78         SH:  0    Dex:  9    Spells: 2/2 levels left

rFire   . . .        a - +0 mace
rCold   . . .        (no shield)
rNeg    + . .        m - +0 leather armour
rPois   ∞            (no helmet)
rElec   +            (no cloak)
rCorr   .            (no gloves)
SInv    .            (no boots)
Will    .....        l - amulet of the acrobat
Stlth   +            e - +5 ring of evasion
HPRegen 0.23/turn    (no ring)
MPRegen 0.08/turn

%: acrobat
@: no status effects
A: sickness immunity, AC +3, negative energy resistance 1, electricity
resistance, torment resistance 1, petrification resistance
a: Renounce Religion, Berserk, Trog's Hand


You were on level 3 of the Dungeon.
You worshipped Trog.
Trog was pleased with you.
You visited 1 branch of the dungeon, and saw 3 of its levels.

You collected 78 gold pieces.

Inventory:

Hand Weapons
 a - a +0 mace (weapon)
 d - a +0 sling
Armour
 m - a +0 leather armour (worn)
Jewellery
 e - a +5 ring of evasion (left hand)
 j - a ring of magical power
 l - an amulet of the acrobat (around neck)
Scrolls
 b - a scroll of acquirement {unknown}
 c - a scroll of enchant weapon {unknown}
 g - 2 scrolls of poison {unknown}
 h - a scroll of noise {unknown}
 i - a scroll of silence {unknown}
 k - a scroll of teleportation {unknown}
 n - a scroll of identify
 p - a scroll of fog {unknown}
Potions
 f - a potion of might
 o - a potion of curing


   Skills:
 + Level 3.5 Fighting
 * Level 3.3 Maces & Flails
 * Level 2.9 Armour
 + Level 1.8 Dodging


You had 2 spell levels left.
You didn't know any spells.
Your spell library was empty.

Dungeon Overview and Level Annotations

Branches:
Dungeon (3/15)

Altars:


Innate Abilities, Weirdness & Mutations

You are immune to sickness and miasma.
Your stone body is resilient. (AC +3)
You are immune to poison.
You resist negative energy. (rN+)
You are resistant to electric shocks. (rElec)
You are resistant to unholy torment.
You are immune to petrification.


Message History

It is a scroll of identify.
f - a potion of might
As you read the scroll of identify, it crumbles to dust.
o - a potion of curing Unknown command.
Found a robe.
You see here a +0 robe.
Found a rapier.
You see here a +0 rapier.
Found 5 stones.
You see here 5 stones.
Found a stone staircase leading down.
There is a stone staircase leading down here.
An orc wizard comes into view. It is wielding a +0 dagger.
The orc wizard shouts!
An orc comes into view. It is wielding a +0 dagger.
The orc shouts!
An orc priest comes into view. It is wielding a +0 dagger.
The orc priest shouts!
The orc wizard misses you.
You barely miss the orc wizard.
The orc wizard hits you with a +0 dagger.
You hit the orc wizard.
The orc wizard is lightly wounded.
The orc wizard closely misses you.
You closely miss the orc wizard.
The orc wizard is lightly wounded.
The orc wizard misses you.
You barely miss the orc wizard.
The orc wizard is lightly wounded.
The orc wizard closely misses you.
The orc priest invokes the aid of Beogh against you.
Beogh smites you!
Ouch! That really hurt!
You closely miss the orc. The orc misses you.
You closely miss the orc.
The orc priest mumbles some strange prayers to Beogh against you.
Beogh smites you!
Ouch! That really hurt!
You die...

#######(# #.# #.#
#.# #.# #.# #.#
#.################
#.....>...@ooo....
##################


You could see an orc priest, an orc wizard and an orc.

Vanquished Creatures
  2 endoplasms
  3 giant cockroaches (D:1)
  6 goblins
  A hobgoblin (D:1)
  3 kobolds
  6 ball pythons
  2 bats (D:1)
  2 rats
25 creatures vanquished.

Notes
Turn   | Place    | Note
-------+----------+-------------------------------------------
     0 | D:1      | KittyFluff the Gargoyle Berserker began the quest for the
                  | Orb.
     0 | D:1      | Reached XP level 1. HP: 14/14 MP: 1/1
   376 | D:1      | Reached XP level 2. HP: 18/19 MP: 2/2
   388 | D:1      | Found a faded altar of an unknown god.
   634 | D:1      | You fall into a shaft and drop 1 floor!
  1003 | D:2      | Reached XP level 3. HP: 23/23 MP: 3/3
  1378 | D:2      | Reached ** piety under Trog
  1721 | D:3      | Killed from afar by an orc priest

Illustrated notes

Levels and vault maps discovered:
D:1:      dpeg_arrival_snail, layout_basic,
          shapermc_ecumenical_altar_mp_ritualfount, minmay_misc_feat_roman
D:2:      layout_loops_cross, serial_aquarium, aquarium_bridge_straight
          [aquarium_subvault_bridge, aquarium_subvault_window,
          aquarium_subvault_bridge, aquarium_subvault_window],
          aquarium_window_corridor_3, aquarium_window_fake, aquarium_view_2f,
          aquarium_pool_corner, minmay_misc_feat_encased
D:3:      layout_basic, uniq_jessica, uniq_grinder

Action                     || total
---------------------------++-------
  Melee: Mace              ||    77
         Punch             ||     1
    Use: Scroll            ||     2
 Armour: Animal skin       ||    17
         Leather armour    ||     2
  Dodge: Dodged            ||    64
